 Dungeon Crawl Stone Soup version 0.25.1-8-g42b30a86e7 (webtiles) character file.

Game seed: 8049033416607566742

101 hawla the Conjurer (level 4, -1/42 HPs)
             Began as a Draconian Conjurer on Dec 17, 2020.
             Slain by a goblin
             ... wielding a +0 club
             ... led by Robin
              (2 damage)
             ... on level 3 of the Dungeon.
             The game lasted 00:06:28 (2464 turns).

hawla the Conjurer (Draconian Conjurer)             Turns: 2464, Time: 00:06:29

Health: -1/42      AC:  5    Str:  7 (10) XL:     4   Next: 48%
Magic:  0/11       EV: 12    Int: 15 (16) God:
Gold:   101        SH:  0    Dex:  9 (12) Spells: 11/14 levels left

rFire    . . .     SeeInvis .   (no weapon)
rCold    . . .     Gourm    .   (no shield)
rNeg     . . .     Faith    .   (armour unavailable)
rPois    .         Spirit   .   (helmet restricted)
rElec    .         Reflect  .   (no cloak)
rCorr    .         Harm     .   (no gloves)
MR       .....                  (no boots)
Stlth    ++........             (no amulet)
HPRegen  0.14/turn              (no ring)
MPRegen  0.12/turn              (no ring)

@: mighty
A: unfitting armour, cold-blooded, AC +5
a: no special abilities


You were on level 3 of the Dungeon.
You were not hungry.

You visited 1 branch of the dungeon, and saw 3 of its levels.

You collected 101 gold pieces.

Inventory:

Scrolls
 d - a scroll of remove curse
 e - 2 scrolls of magic mapping {unknown}
 f - 2 scrolls of teleportation {unknown}
 g - a scroll of fog {unknown}
Potions
 a - a potion of might
 h - a potion of brilliance
Comestibles
 b - 5 rations
 c - 3 chunks of flesh


   Skills:
 - Level 5.5 Fighting
 - Level 1.0 Throwing
 - Level 1.7 Dodging
 - Level 2.0 Stealth
 + Level 5.6 Spellcasting
 - Level 6.6 Conjurations


You had 11 spell levels left.
You knew the following spells:

 Your Spells              Type           Power        Failure   Level  Hunger
a - Magic Dart            Conj           ###.         1%          1    None
b - Searing Ray           Conj           ###...       1%          2    #......

Your spell library contained the following spells:

 Spells                   Type           Power        Failure   Level  Hunger
 Dazzling Flash           Conj/Hex       ##....       12%         3    ###....
 Fulminant Prism          Conj/Hex       ##........   36%         4    ####...
 Iskenderun's Mystic Bla  Conj/Tloc      ##......     36%         4    ####...


Dungeon Overview and Level Annotations

Branches:
Dungeon (3/15)

Altars:

Annotations:
D:3 Grinder


Innate Abilities, Weirdness & Mutations

Your plain brown scales are hard. (AC +5)
You cannot fit into any form of body armour.
You are cold-blooded and may be slowed by cold attacks.


Message History

You closely miss Grinder.
Grinder is severely wounded.
The goblin misses you. Grinder closely misses you.
You punch Grinder!
Grinder is severely wounded.
The goblin hits you but does no damage. Grinder closely misses you.
You hit Grinder.
Your tail-slap misses Grinder.
Grinder is almost dead.
The goblin hits you with a +0 club.
* * * LOW HITPOINT WARNING * * *
Grinder hits you.
* * * LOW HITPOINT WARNING * * *
You writhe in agony.
* * * LOW HITPOINT WARNING * * *
Okay, then.
As you read the scroll labeled HOLIKHL LUALIM, it crumbles to dust.
You feel blessed for a moment.
It was a scroll of remove curse.
The goblin closely misses you.
Grinder blinks!
The goblin hits you with a +0 club.
You die...

......#?
......
.>... ....
#..# ####
#>.###.....
#.).....##
#..@§....#
#.g###.#.#
#.)# #.÷#
.... #....
#.....
#...g.
#./....


You could see a goblin.

Vanquished Creatures
  Robin (D:3)
  A gnoll (D:1)
  An adder (D:2)
  A worm (D:2)
  A dart slug (D:1)
  A leopard gecko (D:1)
  4 bats
  2 giant cockroaches
  11 goblins
  9 hobgoblins
  A quokka (D:2)
  2 frilled lizards
  4 kobolds
  4 rats
43 creatures vanquished.

Notes
Turn   | Place    | Note
-------+----------+-------------------------------------------
     0 | D:1      | hawla the Draconian Conjurer began the quest for the Orb.
     0 | D:1      | Reached XP level 1. HP: 14/14 MP: 3/3
   408 | D:1      | Reached XP level 2. HP: 20/20 MP: 1/5
   427 | D:1      | Reached skill level 5 in Fighting
   427 | D:1      | Reached skill level 5 in Spellcasting
   427 | D:1      | Reached skill level 6 in Conjurations
   427 | D:1      | Reached XP level 3. HP: 4/36 MP: 0/9
   427 | D:1      | HP: 1/36 [gnoll/+0 antimagic halberd (3)]
   729 | D:1      | Reached skill level 1 in Throwing
   733 | D:1      | Learned a level 2 spell: Searing Ray
  1884 | D:2      | Reached XP level 4. HP: 42/42 MP: 3/11
  2102 | D:3      | Noticed Robin
  2104 | D:3      | Killed Robin
  2106 | D:3      | Noticed Grinder
  2455 | D:3      | Paralysed by Grinder for 2 turns
  2462 | D:3      | HP: 1/42 [Grinder (5)]
  2464 | D:3      | Slain by a goblin

Illustrated notes

Levels and vault maps discovered:
D:1:      minmay_arrival_loop, layout_loops_ring
D:2:      layout_basic, first_ration
D:3:      layout_basic, ebering_ghost_inner_flame, trog_hazing_becter,
          uniq_grinder, uniq_robin

Skill      XL: |  1  2  3 |
---------------+----------+-----
Stealth        | 2 |  2.0
Fighting       | 5 |  5.5
Spellcasting   | 5 |  5.6
Conjurations   | 6 |  6.6
Throwing       | 1 |  1.0
Dodging        | |  1.7

Action                   |  1- 3 |  4- 6 || total
-------------------------+-------+-------++-------
Melee: Unarmed           |     7 |     5 ||    12
 Cast: Magic Dart        |    48 |     2 ||    50
       Searing Ray       |     7 |    12 ||    19
  Use: Potion            |     2 |     3 ||     5
       Scroll            |     1 |     1 ||     2
  Eat: Chunk             |     3 |     2 ||     5
Armor: Skin              |     4 |    15 ||    19
Dodge: Dodged            |    15 |    22 ||    37
